Map: Arctic Dream LE

Players

Night - Winner!

  • Race: Zerg Zerg

Wade

  • Race: Zerg Zerg
  • League: Master

Larry - Winner!

  • Race: Protoss Protoss
  • League: Master

Meister

  • Race: Terran Terran

VOD

Have the link to the VOD?

Description

Time

  • Played on: April 17, 2021, 11:04 p.m.
  • Length: 14:42
Show
View Real Time Build Order
Export as new Build Order

Night Zerg - Winner!

Build Orders: Pool First, Zergling Baneling 

Get SALT Encoding   

  12  0:00  Drone  
  13  0:13  Overlord  
  13  0:16  Drone  
  14  0:32  Drone x2  
  16  0:37  Drone  
  16  0:41  Extractor  
  16  0:47  Drone  
  17  0:51  Spawning Pool  
  16  0:57  Drone  
  17  1:07  Drone  
  18  1:19  Hatchery  
  18  1:23  Drone  
  18  1:39  Queen  
  20  1:40  Metabolic Boost  
  20  1:44  Zergling x2  
  21  1:52  Overlord  
  21  1:55  Zergling x2  
  22  2:02  Baneling Nest  
  22  2:06  Zergling x2  
  22  2:12  Drone  
  23  2:19  Queen  
  25  2:33  Zergling x4  
  26  2:40  Zergling x2  
  26  2:44  Zergling x4  
  29  2:51  Zergling x2  
  29  2:52  Zergling x4  
  32  2:58  Zergling x2  
  32  2:59  Zergling x2  
  34  3:09  Baneling x4  
  34  3:11  Overlord, Drone  
  35  3:19  Overlord  
  35  3:26  Overlord  
  34  3:37  Drone x5  
  34  3:48  Drone x3  
  35  3:55  Lair  
  35  3:58  Extractor  
  35  4:00  Drone  
  35  4:06  Zergling x4  
  36  4:11  Zergling x2  
  36  4:12  Zergling x2  
  36  4:15  Drone x2  
  40  4:21  Drone  
  41  4:29  Baneling x3  
  41  4:30  Baneling  
  41  4:35  Drone x5  
  46  4:40  Extractor  
  46  4:42  Extractor  
  44  4:52  Drone x5  
  49  5:11  Zergling x10  
  50  5:21  Spire  
  50  5:22  Zergling x2  
  50  5:23  Zergling x8  
  54  5:29  Baneling  
  54  5:30  Baneling  
  54  5:33  Overlord  
  54  5:36  Zergling x2  
  54  5:37  Zergling x4  
  57  5:45  Overlord x2  
  56  5:52  Overlord  
  53  6:08  Drone x2  
  53  6:09  Drone x2  
  57  6:13  Overlord x2  
  51  6:26  Hatchery  
  45  6:34  Mutalisk x6  
  45  6:36  Zerg Flyer Weapons Level 1  
  45  6:38  Mutalisk  
  45  6:39  Mutalisk  
  61  6:43  Mutalisk  
  63  6:53  Mutalisk x3  
  64  6:58  Baneling  
  68  7:03  Overlord, Drone x2  
  68  7:04  Drone  
  71  7:09  Mutalisk  
  73  7:16  Drone x4  
  73  7:19  Mutalisk  
  73  7:22  Mutalisk  
  81  7:25  Drone  
  82  7:38  Mutalisk x2  
  86  7:46  Evolution Chamber  
  86  7:50  Mutalisk  
  87  7:52  Overlord  
  87  7:55  Overlord  
  87  7:56  Queen  
  87  7:58  Extractor  
  88  8:00  Extractor  
  88  8:01  Overlord x2, Mutalisk  
  89  8:08  Zergling x2  
  89  8:09  Zergling x12  
  94  8:15  Zerg Melee Weapons Level 1  
  94  8:19  Zergling x4  
  98  8:20  Zergling x4  
  88  8:34  Queen  
  88  8:35  Overlord  
  82  8:57  Centrifugal Hooks, Zerg Flyer Armor Level 1  
  82  9:01  Overseer  
  80  9:03  Pneumatized Carapace  
  80  9:04  Drone x8  
  88  9:14  Drone x4  
  84  9:35  Mutalisk x5  
  89  9:47  Drone x5  
  89  9:52  Mutalisk x3  
  97  10:04  Drone  
  91  10:21  Hatchery  
  91  10:24  Drone x5  
  93  10:29  Drone x5  
  98  10:36  Drone  
  98  10:37  Zerg Melee Weapons Level 2  
  98  10:38  Mutalisk x2  
  98  10:39  Mutalisk  
  103  10:53  Mutalisk x3  
  103  10:54  Mutalisk  
  111  11:05  Drone  
  111  11:06  Drone  
  111  11:08  Zergling x2  
  111  11:10  Overlord x3  
  111  11:11  Overlord x2  
  114  11:12  Extractor, Overlord  
  114  11:17  Extractor  
  112  11:22  Overlord x2  
  112  11:23  Overlord  
  108  11:49  Mutalisk x9  
  108  11:53  Zergling x10  
  127  11:57  Overlord  
  127  12:03  Zergling x4  
  129  12:14  Overlord x2  
  129  12:19  Overlord  
  129  12:26  Mutalisk x5  
  129  12:29  Zergling x16  
  147  12:34  Baneling x8  
  137  12:39  Overlord  
  137  12:40  Queen  
  137  12:42  Baneling x5  
  133  12:46  Zergling x8  
  137  12:51  Baneling  
  137  12:52  Baneling x6  
  135  13:04  Zergling x14  
  136  13:06  Baneling x9  
  136  13:07  Baneling  
  136  13:19  Zergling x10  
  106  13:39  Mutalisk x5  
  90  13:45  Zergling x16  
  98  13:50  Drone x2  
  98  13:55  Drone  
  100  14:04  Mutalisk  
  100  14:05  Mutalisk x2  
Show
View Real Time Build Order
Export as new Build Order

Wade Zerg 

Build Orders: Hatch First 

Get SALT Encoding   

  12  0:00  Drone  
  13  0:12  Overlord  
  13  0:17  Drone  
  14  0:30  Drone x2  
  16  0:48  Hatchery  
  15  0:51  Drone  
  15  0:55  Drone  
  17  0:58  Drone  
  18  1:10  Extractor  
  17  1:13  Spawning Pool  
  17  1:17  Drone  
  17  1:21  Drone  
  18  1:27  Drone  
  19  1:40  Drone  
  20  1:49  Drone  
  21  2:00  Overlord, Queen x2  
  25  2:01  Zergling x2  
  26  2:11  Drone x2  
  26  2:15  Metabolic Boost  
  28  2:23  Zergling x4  
  30  2:32  Drone  
  30  2:33  Drone  
  32  2:38  Queen  
  32  2:39  Queen  
  32  2:44  Baneling Nest  
  35  2:45  Zergling x2  
  35  2:51  Overlord  
  35  3:10  Zergling x8  
  39  3:14  Zergling x10  
  44  3:24  Overlord x2  
  44  3:28  Baneling x5  
  44  3:39  Zergling x4  
  44  3:45  Zergling x6  
  39  3:52  Zergling x4  
  35  3:58  Baneling x2  
  29  4:04  Zergling x4  
  29  4:13  Queen  
  31  4:17  Zergling x4  
  34  4:24  Zergling x4  
  34  4:28  Queen  
  37  4:36  Zergling x4  
  39  4:45  Hatchery  
  38  4:56  Drone x3  
  41  5:04  Queen  
  43  5:10  Baneling x2  
  43  5:14  Drone x3  
  35  5:26  Zergling x4  
  37  5:30  Roach Warren  
  37  5:34  Baneling x2  
  35  5:37  Zergling x8  
  39  5:46  Zergling x4  
  40  5:52  Zergling x2  
  40  5:53  Zergling x2  
  40  6:01  Zergling x2  
  40  6:02  Zergling x12  
  43  6:04  Zergling x2  
  43  6:05  Baneling x2  
  43  6:07  Zergling x2  
  45  6:12  Drone  
  45  6:19  Drone x3  
  46  6:27  Drone x4  
  49  6:33  Drone x2  
  51  6:41  Drone x3  
  48  6:58  Drone x4  
  49  7:04  Extractor  
  49  7:05  Extractor  
  49  7:06  Drone x8  
  55  7:12  Spore Crawler  
  55  7:13  Spore Crawler  
  51  7:20  Extractor, Queen  
  51  7:22  Extractor, Lair  
  46  7:34  Zergling x16  
  50  7:41  Overlord  
  50  7:56  Overlord x2  
  50  8:01  Zergling x12  
  56  8:07  Zergling x4  
  56  8:13  Zergling x2  
  56  8:14  Zergling x4  
  56  8:15  Zergling x2  
  60  8:21  Zergling x4  
  60  8:26  Infestation Pit  
  59  8:27  Zergling x2  
  59  8:33  Baneling x4  
  56  8:40  Drone x3  
  59  8:45  Drone x2  
  59  8:46  Drone  
  62  8:52  Drone x2  
  62  8:53  Drone  
  60  8:59  Spore Crawler  
  59  9:05  Hive  
  59  9:09  Drone x2  
  61  9:12  Drone  
  62  9:23  Drone x2  
  62  9:24  Drone  
  61  9:33  Overlord x3  
  61  9:34  Overlord x2  
  56  9:40  Overlord  
  56  9:45  Overlord x2  
  55  10:14  Hatchery  
  55  10:18  Viper x6  
  72  10:21  Drone  
  72  10:22  Drone x3  
  72  10:25  Glial Reconstitution  
  72  10:26  Evolution Chamber  
  72  10:27  Evolution Chamber  
  70  10:56  Overlord x6  
  70  10:59  Zerg Missile Weapons Level 1, Zerg Ground Armor Level 1  
  70  11:14  Overlord  
  70  11:15  Overlord, Hatchery  
  70  11:17  Roach x5  
  79  11:23  Viper  
  77  11:58  Viper x2  
  83  12:03  Drone x7  
  82  12:12  Spore Crawler  
  82  12:13  Spore Crawler  
  71  12:46  Hatchery  
  70  13:02  Viper x4  
  70  13:04  Drone x4  
  70  13:05  Drone  
  87  13:08  Hydralisk Den  
  87  13:10  Hatchery  
  85  13:19  Evolution Chamber  
  81  13:35  Roach x5  
  91  13:41  Hydralisk  
  93  13:48  Hydralisk x2  
  93  13:52  Extractor  
  93  13:53  Extractor  
  93  13:55  Lurker Den  
  94  14:00  Hydralisk x3  
  100  14:07  Hydralisk x3  
Show
View Real Time Build Order
Export as new Build Order

Larry Protoss - Winner!

Build Orders: 1 Gate Expand, Zealot Archon, Colossus Rush 

Get SALT Encoding   

  12  0:00  Probe  
  13  0:12  Probe  
  14  0:17  Pylon  
  14  0:24  Probe  
  15  0:35  Gateway  
  15  0:37  Probe  
  16  0:49  Probe  
  17  1:07  Nexus  
  17  1:13  Assimilator  
  17  1:24  Cybernetics Core  
  17  1:26  Probe  
  18  1:37  Pylon  
  18  1:38  Probe  
  19  1:51  Probe, Warp Gate (Chrono Boost)  
  20  1:56  Gateway  
  20  2:02  Adept (Chrono Boost)  
  20  2:03  Probe  
  23  2:15  Probe  
  24  2:23  Probe  
  24  2:26  Gateway  
  24  2:27  Probe  
  26  2:35  Probe  
  27  2:39  Probe  
  27  2:42  Adept  
  30  2:47  Probe  
  31  2:53  Probe  
  32  2:59  Probe, Assimilator  
  32  3:06  Probe  
  32  3:11  Probe  
  32  3:12  Pylon  
  34  3:20  Adept x2  
  34  3:21  Adept  
  34  3:23  Probe (Chrono Boost)  
  41  3:31  Probe (Chrono Boost)  
  41  3:32  Robotics Facility  
  42  3:35  Probe (Chrono Boost)  
  44  3:41  Probe (Chrono Boost)  
  44  3:50  Probe  
  42  3:55  Probe  
  42  4:00  Assimilator, Stalker, Sentry  
  42  4:02  Probe  
  45  4:05  Pylon  
  45  4:07  Probe  
  44  4:11  Forge  
  44  4:14  Probe  
  43  4:18  Assimilator  
  43  4:20  Probe (Chrono Boost)  
  44  4:24  Robotics Bay  
  44  4:26  Probe (Chrono Boost)  
  44  4:28  Gateway  
  45  4:35  Stalker  
  45  4:37  Probe (Chrono Boost)  
  45  4:38  Probe (Chrono Boost)  
  49  4:39  Pylon  
  49  4:40  Protoss Ground Weapons Level 1 (Chrono Boost)  
  49  4:42  Probe (Chrono Boost)  
  49  4:44  Probe (Chrono Boost)  
  51  4:51  Pylon  
  51  4:52  Probe  
  52  4:56  Probe  
  53  5:02  Stalker, Zealot  
  53  5:04  Probe  
  53  5:06  Gateway  
  58  5:08  Pylon  
  58  5:10  Colossus (Chrono Boost)  
  64  5:20  Extended Thermal Lance  
  64  5:29  Shield Battery  
  64  5:30  Pylon  
  64  5:37  Cybernetics Core  
  64  5:38  Stalker x2  
  64  5:39  Stalker  
  70  5:45  Gateway  
  70  5:49  Pylon  
  70  5:53  Colossus (Chrono Boost)  
  74  6:18  Twilight Council  
  74  6:22  Probe x2, Nexus  
  74  6:23  Pylon  
  76  6:36  Probe x2  
  78  6:40  Warp Prism (Chrono Boost)  
  80  6:48  Photon Cannon  
  80  6:49  Shield Battery  
  80  6:51  Probe x2, Blink (Chrono Boost)  
  80  6:54  Pylon  
  82  6:58  Protoss Ground Weapons Level 2 (Chrono Boost)  
  82  7:01  Gateway  
  82  7:06  Probe x2  
  80  7:23  Probe x2, Colossus (Chrono Boost)  
  88  7:35  Probe x3  
  91  7:44  Stalker x4, Archon  
  91  7:47  Probe  
  100  7:52  Shield Battery  
  97  7:58  Stalker x2  
  106  8:15  Stalker x3  
  106  8:16  Stalker  
  106  8:19  Pylon  
  108  8:35  Charge  
  108  8:39  Stalker x3  
  108  8:40  Stalker x2  
  117  9:10  Nexus  
  117  9:15  Pylon  
  117  9:16  Pylon  
  117  9:34  Photon Cannon  
  117  9:40  Stalker x3  
  117  9:41  Stalker x3  
  129  9:47  Pylon x2  
  129  10:09  Probe  
  129  10:10  Probe, Immortal  
  129  10:12  Pylon  
  129  10:13  Pylon  
  135  10:24  Zealot x2  
  135  10:25  Zealot x3  
  141  10:47  Warp Prism (Chrono Boost)  
  131  10:54  Probe x2  
  131  10:55  Probe  
  134  10:59  Gravitic Drive  
  134  11:00  Zealot x4  
  142  11:06  Templar Archives  
  142  11:11  Assimilator x2  
  142  11:12  Sentry  
  142  11:16  Immortal  
  148  11:35  Psionic Storm  
  148  11:39  Probe x2  
  150  11:42  Protoss Ground Weapons Level 3 (Chrono Boost)  
  150  11:46  High Templar x4  
  158  11:47  Forge  
  158  12:00  Zealot x2  
  162  12:01  Immortal  
  166  12:17  Gateway, Archon  
  166  12:19  Gateway  
  166  12:20  Archon  
  166  12:21  Zealot x5  
  166  12:22  Zealot  
  178  12:45  Pylon  
  178  12:47  Pylon  
  178  12:49  Pylon  
  178  12:51  Pylon  
  178  12:57  Pylon  
  178  12:59  Pylon  
  178  13:01  Pylon  
  178  13:03  Pylon  
  178  13:18  Stalker x2  
  162  13:50  High Templar x8  
  178  13:57  Nexus  
  176  14:26  Zealot x5  
Show
View Real Time Build Order
Export as new Build Order

Meister Terran 

Build Orders: Reaper Expand 

Get SALT Encoding   

  12  0:00  SCV  
  13  0:12  SCV  
  14  0:17  Supply Depot  
  14  0:24  SCV  
  15  0:38  SCV  
  15  0:40  Barracks  
  16  0:44  Refinery  
  16  0:50  SCV  
  17  1:03  SCV  
  18  1:15  SCV  
  19  1:27  Reaper, Orbital Command  
  20  1:42  Command Center  
  20  1:54  SCV  
  21  1:56  Supply Depot  
  21  2:01  Marine  
  21  2:06  SCV  
  23  2:18  SCV  
  23  2:20  Factory  
  23  2:21  Barracks Reactor  
  24  2:30  SCV  
  25  2:43  SCV  
  26  2:53  Command Center  
  26  2:55  SCV  
  26  2:58  Marine x2  
  29  3:06  Widow Mine  
  29  3:07  SCV  
  29  3:11  Bunker, Orbital Command  
  31  3:18  Marine x2  
  33  3:20  SCV  
  34  3:29  Factory Tech Lab  
  34  3:32  SCV  
  35  3:35  Marine, Starport  
  35  3:36  Marine  
  37  3:48  SCV  
  37  3:51  Refinery  
  37  3:53  SCV, Marine x2  
  37  3:54  Refinery  
  41  3:56  Cyclone  
  41  4:00  SCV  
  45  4:05  SCV  
  45  4:06  Orbital Command  
  46  4:12  SCV  
  47  4:17  SCV  
  47  4:19  Marine  
  47  4:21  Marine, Refinery  
  47  4:22  Medivac  
  53  4:31  SCV  
  53  4:32  SCV  
  53  4:34  SCV  
  55  4:40  Marine x2  
  55  4:42  Siege Tank  
  55  4:43  SCV  
  61  4:48  Supply Depot  
  61  4:51  Supply Depot, Orbital Command  
  61  5:01  Starport Tech Lab  
  61  5:09  SCV x2, Supply Depot  
  61  5:10  Supply Depot  
  61  5:11  Marine x2  
  65  5:19  Siege Tank  
  68  5:21  SCV x2  
  68  5:23  SCV  
  68  5:26  Raven  
  73  5:33  SCV x2  
  75  5:39  Marine x2  
  77  5:43  SCV  
  77  5:45  SCV  
  77  5:47  Barracks  
  77  5:48  Barracks  
  79  5:53  Siege Tank  
  79  5:54  SCV  
  79  5:57  SCV, Marine x2  
  84  6:01  SCV  
  85  6:13  SCV  
  86  6:23  Viking x2  
  90  6:26  Engineering Bay  
  90  6:27  SCV x2  
  90  6:28  Engineering Bay  
  90  6:29  Supply Depot  
  90  6:30  Supply Depot, Refinery  
  90  6:31  Siege Tank  
  92  6:33  Marine, Stimpack  
  92  6:35  Barracks  
  92  6:37  Barracks Tech Lab  
  92  6:38  Barracks Tech Lab  
  92  6:39  Barracks  
  93  6:51  SCV x3, Refinery  
  93  6:52  Supply Depot  
  96  6:54  Marine  
  96  6:57  Supply Depot  
  96  6:59  Supply Depot  
  97  7:02  Combat Shield, Marauder x2, Concussive Shells  
  97  7:03  Terran Infantry Weapons Level 1, SCV x3, Terran Infantry Armor Level 1  
  104  7:13  Marine  
  104  7:15  SCV x3, Missile Turret  
  108  7:17  Missile Turret  
  108  7:20  Missile Turret  
  109  7:23  Marine, Marauder  
  109  7:26  Barracks Reactor x2  
  109  7:27  SCV x3  
  114  7:31  Missile Turret  
  114  7:32  Marine  
  115  7:39  SCV x2  
  115  7:40  Marine  
  118  7:44  Marine  
  118  7:49  Medivac x2  
  118  7:50  Siege Tank, Marine  
  127  7:52  SCV x2  
  127  7:53  Supply Depot  
  125  7:59  Marauder  
  125  8:00  Supply Depot  
  125  8:02  Marine x3  
  125  8:03  Marine x2  
  129  8:06  SCV  
  129  8:08  Marauder  
  116  8:15  SCV  
  107  8:20  Marine x4, Marauder  
  107  8:21  Marine  
  107  8:25  SCV  
  114  8:29  Marine  
  107  8:35  Medivac  
  107  8:37  Marine  
  107  8:38  SCV, Marine x4  
  114  8:41  Marauder  
  114  8:47  SCV x2, Marine  
  116  8:55  Marine  
  116  8:56  SCV, Marine  
  116  8:59  SCV  
  116  9:00  SCV  
  116  9:01  Missile Turret  
  118  9:04  Siege Tank  
  118  9:08  SCV  
  122  9:11  SCV  
  122  9:12  SCV  
  122  9:13  Marine x3, Marauder  
  122  9:14  Marauder  
  131  9:21  SCV  
  131  9:23  SCV  
  133  9:24  Supply Depot  
  133  9:25  Armory  
  133  9:27  SCV  
  133  9:29  Marine  
  133  9:30  Marauder  
  137  9:33  Marine  
  137  9:35  Marauder  
  140  9:40  Supply Depot  
  140  9:41  Marine  
  141  9:45  Marine, Viking x2  
  141  9:46  Marauder  
  148  10:02  Marauder  
  148  10:03  Marine x2  
  148  10:04  Marauder, Marine  
  148  10:05  Marine  
  148  10:07  Marine  
  156  10:21  Marine  
  156  10:25  Terran Infantry Armor Level 2, Terran Infantry Weapons Level 2  
  157  10:30  Command Center  
  157  10:32  Supply Depot  
  157  10:34  Supply Depot, Ghost Academy  
  157  10:42  Marine  
  157  10:43  Marauder  
  157  10:44  SCV, Marauder  
  157  10:46  SCV x2  
  157  10:54  Marine x2, Viking x2  
  157  10:55  Siege Tank, Marine  
  157  10:56  SCV  
  170  10:58  SCV  
  170  10:59  Terran Ship Weapons Level 1  
  170  11:00  Marine  
  172  11:05  Ghost  
  172  11:07  Enhanced Shockwaves  
  172  11:09  SCV  
  172  11:10  Supply Depot  
  173  11:12  Supply Depot  
  173  11:17  Supply Depot  
  173  11:27  Supply Depot  
  173  11:31  Marine x2, Ghost x2, Viking  
  181  11:32  SCV  
  181  11:33  Marine x2  
  181  11:34  Ghost  
  181  11:37  Siege Tank  
  185  11:45  Viking  
  186  11:49  Marine  
  187  11:58  Marine x3  
  187  11:59  Ghost  
  187  12:00  Marauder  
  194  12:02  Ghost  
  194  12:07  Marine  
  197  12:16  Marine x2  
  197  12:19  Marine  
  197  12:21  Viking  
  200  12:34  Marine x2  
  200  12:36  SCV  
  199  12:43  Marine x3  
  199  12:44  Marine x2  
  194  12:52  Marine x2  
  196  13:01  Marauder, Ghost  
  200  13:21  Command Center  
  198  13:33  Marine x2  
  135  13:34  Marauder  
  135  13:35  Marine x3  
  135  13:36  Siege Tank, Marauder  
  94  13:42  Liberator  
  94  13:43  SCV  
  96  13:48  Viking  
  96  13:51  Marine x2  
  96  13:53  Marine  
  96  13:54  Marauder  
  105  13:55  Marauder  
  105  13:57  Marauder, Barracks  
  105  13:59  Barracks  
  107  14:06  Marine  
  107  14:09  Widow Mine  
  110  14:15  Marauder  
  110  14:16  Marine x3  
  117  14:17  Marauder  
  117  14:18  Marine  
  117  14:24  Marine  
Tags
 
Add a new tag
Caveats
  • Supply blocks, unpowered buildings, or Contaminate may cause inaccurate times.
  • Supply counts are checked every 10 seconds.